 Dungeon Crawl Stone Soup version 0.31-a0-818-ge7c7cf74f0 (webtiles) character file.

Game seed: 18170859972347549232

56 Kurtz the Chopper (level 3, -7/26 HPs)
             Began as an Octopode Fighter on Sept 23, 2023.
             Mangled by Grinder (8 damage)
             ... while paralysed by Grinder
             ... on level 3 of the Dungeon.
             The game lasted 00:01:02 (1816 turns).

Kurtz the Chopper (Octopode Fighter)                Turns: 1816, Time: 00:01:03

Health: -7/26      AC:  1    Str: 17    XL:     3   Next: 97%
Magic:  3/3        EV:  2    Int: 10    God:
Gold:   204        SH:  0    Dex: 11    Spells: 2/2 levels left

rFire   . . .        a - +0 war axe
rCold   . . .        b - +0 buckler
rNeg    . . .        (helmet restricted)
rPois   .            (no amulet)
rElec   .            (no ring)
rCorr   .            (no ring)
SInv    .            (no ring)
Will    .....        (no ring)
Stlth   ++           (no ring)
HPRegen 0.24/turn    (no ring)
MPRegen 0.08/turn    (no ring)
                     (no ring)

%: no passive effects
@: paralysed, mighty, brilliant
A: almost no armour, amphibious, 8 rings, camouflage 1, gelatinous body 1,
(nimble swimmer 1), tentacles
a: no special abilities


You were on level 3 of the Dungeon.
You visited 1 branch of the dungeon, and saw 3 of its levels.

You collected 204 gold pieces.

Inventory:

Hand Weapons
 a - a +0 war axe (weapon)
Missiles
 m - 6 poisoned darts
Armour
 b - a +0 buckler (worn)
Jewellery
 e - a ring of magical power
Scrolls
 d - 2 scrolls of revelation {unknown}
 h - 2 scrolls of identify {unknown}
 i - a scroll of amnesia {unknown}
 j - a scroll of teleportation {unknown}
 k - a scroll of fog {unknown}
 l - a scroll of summoning {unknown}
Potions
 c - a potion of might
 f - a potion of brilliance
 g - a potion of invisibility {unknown}


   Skills:
 - Level 3.0 Fighting
 * Level 4.1 Axes
 - Level 3.0 Dodging
 - Level 3.0 Shields


You had 2 spell levels left.
You didn't know any spells.
Your spell library contained the following spells:

 Spells                   Type           Power      Damage    Failure   Level
 Sandblast                Erth           0%         2d4       43%         1
 Passwall                 Tmut/Erth      0%         N/A       58%         2
 Stone Arrow              Conj/Erth      0%         3d7       82%         3
 Volatile Blastmotes      Fire/Tloc      0%         2d10      82%         3
 Brom's Barrelling Bould  Conj/Erth      0%         2d3       99%         4
 Fulminant Prism          Conj/Hex       0%         3d5       99%         4
 Iskenderun's Mystic Bla  Conj/Tloc      0%         2d3       99%         4


Dungeon Overview and Level Annotations

Branches:
Dungeon (3/15)

Altars:
Dithmenos

Annotations:
D:3 Grinder


Innate Abilities, Weirdness & Mutations

You cannot wear most types of armour.
You are amphibious.
You can wear up to eight rings at the same time.
Your skin changes colour to match your surroundings (Stealth+).
Your rubbery body absorbs attacks. (AC +1, EV +1)
((You are camouflaged when in or above water. (Stealth+)))
You have tentacles for arms and can constrict up to eight enemies at once.


Message History

No target in view!
No target in view!
A nearby plant withers and dies.
Found a stone staircase leading down.
A rat comes into view.
A rat is nearby!
The helpless rat fails to defend itself.
You hit the rat.
You kill the rat!
No target in view!
You now have 170 gold pieces (gained 8).
You now have 179 gold pieces (gained 9).
Found 2 stones.
You now have 181 gold pieces (gained 2).
You see here 2 stones.
Found an escape hatch in the ceiling.
You now have 192 gold pieces (gained 11).
You now have 204 gold pieces (gained 12).
f - 2 smoky coppery potions (gained 1) Grinder comes into view.
Grinder shouts!
You hear a shout!
A kobold comes into view.
It is wielding a +0 club and quivering poisoned darts.
You feel very mighty all of a sudden.
You slash Grinder! You grab Grinder.
Grinder is moderately wounded.
You constrict Grinder. Grinder hits you.
You writhe in agony.
Grinder hits you!
* * * LOW HITPOINT WARNING * * *
You writhe in agony.
* * * LOW HITPOINT WARNING * * *
You are too injured to fight recklessly!
Unknown command.
You are too injured to fight recklessly!
It was a potion of brilliance.
You feel clever all of a sudden.
You constrict Grinder. Grinder gestures at you.
You suddenly lose the ability to move!
You lose your grip on Grinder.
Grinder hits you!
You die...
Grinder says, "Now the real fun starts!"

.....# ....# ....#
... ... #K# #5#
♣@# #.## ♣..#####
# ##...#8###8##
♣..#.........
#..#.........
♣#♣#♣..#.........
..........#8###8##
######..#.#######


You could see Grinder and a kobold.

Vanquished Creatures
  An adder (D:2)
  2 dart slugs (D:1)
  A worm (D:2)
  4 ball pythons
  2 bats (D:2)
  5 endoplasms
  A giant cockroach (D:1)
  6 goblins (D:1)
  2 hobgoblins
  A quokka (D:1)
  3 frilled lizards (D:1)
  3 kobolds (D:2)
  9 rats
40 creatures vanquished.

Notes
Turn   | Place    | Note
-------+----------+-------------------------------------------
     0 | D:1      | Kurtz the Octopode Fighter began the quest for the Orb.
     0 | D:1      | Reached XP level 1. HP: 16/16 MP: 1/1
    86 | D:1      | Reached XP level 2. HP: 21/21 MP: 2/2
   293 | D:1      | Reached skill level 3 in Axes
   653 | D:1      | Reached XP level 3. HP: 26/26 MP: 3/3
  1002 | D:2      | Reached skill level 4 in Axes
  1072 | D:2      | Found a shadowy altar of Dithmenos.
  1093 | D:2      | Found a faded altar of an unknown god.
  1810 | D:3      | Noticed Grinder
  1814 | D:3      | HP: 1/26 [Grinder (6)]
  1815 | D:3      | Paralysed by Grinder for 2 turns
  1816 | D:3      | Mangled by Grinder

Illustrated notes

Levels and vault maps discovered:
D:1:      wander_arrival_lonely_grave, layout_basic, grunt_decor_arrowhead,
          ebering_dispersal_statue_hall, minmay_misc_feat_doors
D:2:      layout_basic, shapermc_ecumenical_altar_notcrosses, basic_altar
D:3:      layout_loops_ring, lemuel_zombie_altar_yredelemnul, serial_shops,
          shop_statue, serial_forest, infiniplex_forest_corner_1,
          infiniplex_forest_pool, infiniplex_forest_straight_4,
          infiniplex_forest_lined_room_2, infiniplex_forest_end_2,
          infiniplex_forest_lined_2, infiniplex_forest_clump_C,
          infiniplex_forest_straight_1, infiniplex_forest_zigzag_1,
          corexii_hall_statues_x, uniq_grinder

Skill      XL: |  1  2  3 |
---------------+----------+-----
Axes           | 3 4 |  4.1
Fighting       | |  3.0
Dodging        | |  3.0
Shields        | |  3.0

Action                     || total
---------------------------++-------
  Melee: War axe           ||    67
         Constrict         ||    18
         Tentacles         ||    12
         Punch             ||     1
    Use: Potion            ||     2
   Stab: Sleeping          ||    12
 Armour: Skin              ||    22
  Dodge: Dodged            ||    25
  Block: Buckler           ||     6

Table legend: (Time is in decaauts)
 A = Elapsed time spent in this place.
 B = Non-inter-level travel time spent in this place.
 C = Inter-level travel time spent in this place.
 D = Time resting spent in this place.
 E = Time spent auto-exploring this place.
 F = Levels seen in this place.
 G = Mean time per level.
                   A        B        C        D        E       F      G
               +--------+--------+--------+--------+--------+-----+--------+
         Total |   1840 |   1736 |    104 |      0 |   1471 |   3 |  613.3 |
       Dungeon |   1840 |   1736 |    104 |      0 |   1471 |   3 |  613.3 |
               +--------+--------+--------+--------+--------+-----+--------+

Top non-repeatable levels by time:
     D:1: 916 daAuts
     D:2: 674 daAuts
     D:3: 249 daAuts
